 Dungeon Crawl Stone Soup version 0.32-a0-886-g41c5271027 (webtiles) character file.

Game seed: 12253318066427327444

96 Heh the Sneak (level 4, 0/37 HPs)
             Began as a Coglin Delver on Apr 3, 2024.
             Slain by an orc priest
             ... wielding a +0 club
              (6 damage)
             ... on level 5 of the Dungeon.
             The game lasted 00:01:23 (147 turns).

Heh the Sneak (Coglin Delver)                        Turns: 147, Time: 00:01:23

Health: 0/37       AC:  3    Str: 14    XL:     4   Next: 67%
Magic:  4/4        EV: 11    Int:  9    God:
Gold:   35         SH:  0    Dex: 16    Spells: 3/3 levels left

rFire   . . .        a - +0 hand axe {Dietrich}
rCold   . . .        h - +0 dagger {José}
rNeg    . . .        b - +0 leather armour
rPois   .            (no helmet)
rElec   .            (no cloak)
rCorr   .            (no gloves)
SInv    .            (no boots)
Will    .....        (amulet unavailable)
Stlth   +            (ring unavailable)
HPRegen 0.26/turn    (ring unavailable)
MPRegen 0.09/turn    (no gizmo)

%: no passive effects
@: confused, hasted, revved, very quick
A: off-hand wielding, slow wielding, warmup strikes, no jewellery
a: Invent Gizmo, Convert to Beogh


You were on level 5 of the Dungeon.
You visited 1 branch of the dungeon, and saw 1 of its levels.

You collected 35 gold pieces.

Inventory:

Hand Weapons
 a - a +0 hand axe (weapon) {Dietrich}
 h - a +0 dagger (offhand) {José}
Armour
 b - a +0 leather armour (worn)
Wands
 g - a wand of digging (3)
Scrolls
 c - a scroll of fog


   Skills:
 + Level 3.9 Fighting
 * Level 4.0 Axes
 - Level 1.7 Dodging
 - Level 4.1 Stealth


You had 3 spell levels left.
You didn't know any spells.
Your spell library was empty.

Dungeon Overview and Level Annotations

Branches:
Dungeon (5/15)
 Temple: D:4-7

Altars:


Innate Abilities, Weirdness & Mutations

You can wield a second weapon in your off-hand.
It takes a long time for you to wield or remove held weapons.
Your first few attacks do less damage.
You cannot equip rings or amulets.


Message History

The orc priest shouts, "Surrender to Beogh and we'll let you live!"
Unknown command.
The orc barely misses you.
You aren't carrying any potions.
You are too confused!
Unknown command.
You bump into the stone wall.
Unknown command.
The orc hits you with a +0 short sword.
* * * LOW HITPOINT WARNING * * *
The orc misses you.
The orc priest hits you but does no damage.
You barely miss something with your +0 hand axe.
You hit the orc priest with your +0 hand axe.
You miss the orc with your +0 hand axe.
You closely miss the orc with your +0 hand axe.
Your attack snaps the orc out of its fear.
You closely miss something with your +0 dagger.
Something hits you.
* * * LOW HITPOINT WARNING * * *
The orc hits you but does no damage. The orc barely misses you.
The orc priest shouts, "Beogh offers mercy even to people such as you.
Join us and be reborn!"
The orc priest hits you with a +0 club.
* * * LOW HITPOINT WARNING * * *
You completely miss the orc with your +0 dagger.
The orc is lightly wounded.
You hit the orc with your +0 hand axe. x2; You hit the orc but do no damage.
You hit the orc priest but do no damage.
You completely miss something with your +0 hand axe.
Something hits you but does no damage.
You closely miss something with your +0 hand axe.
You hit the orc priest but do no damage.
You hit the orc with your +0 hand axe. x2
You kill the orc!
You miss the orc with your +0 hand axe.
You barely miss something with your +0 dagger.
The orc hits you with a +0 short sword.
* * * LOW HITPOINT WARNING * * *
The orc priest hits you with a +0 club.
You die...

#.#* *,* #.#
***,*** #.#
**,,,,,** #.#
*ß,,∩,,ß* #.#
**,,,,,** #.#
******** **
####.########
*,,***,
##....o#.....##
**,,,,,
##....)@o......##
***,,,
#.....o.{.......#
*,,,
#...............#
*,,,
#...............#
*,,,
#...............#
*,,,
#...........$...#
**,,
#...............#
*,,,
##.......?.....##
*,,,
##...........##
*,,,


You could see an orc priest and 2 orcs.

Vanquished Creatures
  A phantom (D:5)
  An adder (D:5)
  2 ufetubi (D:5)
  An orc (D:5)
5 creatures vanquished.

Notes
Turn   | Place    | Note
-------+----------+-------------------------------------------
     0 | D:5      | Heh the Coglin Delver began the quest for the Orb.
     0 | D:5      | Reached XP level 1. HP: 18/18 MP: 1/1
    40 | D:5      | Reached XP level 2. HP: 12/24 MP: 2/2
   109 | D:5      | Noticed a phantom
   124 | D:5      | Killed a phantom
   125 | D:5      | Reached XP level 3. HP: 8/30 MP: 3/3
   125 | D:5      | Reached XP level 4. HP: 10/37 MP: 4/4
   147 | D:5      | Slain by an orc priest

Illustrated notes

Levels and vault maps discovered:
D:5:      layout_rooms, chequers_ossuary_entry_cave, hangedman_decor_riveting

Skill      XL: |  1  2 |
---------------+-------+-----
Axes           | 4 |  4.0
Fighting       | |  3.9
Dodging        | |  1.7
Stealth        | |  4.1

Action                     |  1- 3 |  4- 6 || total
---------------------------+-------+-------++-------
  Melee: Hand axe          |    17 |     7 ||    24
         Dagger            |    18 |     7 ||    25
    Use: Scroll            |     2 |     1 ||     3
         Potion            |       |     1 ||     1
 Armour: Leather armour    |    22 |    15 ||    37
  Dodge: Dodged            |    16 |     5 ||    21

Table legend: (Time is in decaauts)
 A = Elapsed time spent in this place.
 B = Non-inter-level travel time spent in this place.
 C = Inter-level travel time spent in this place.
 D = Time resting spent in this place.
 E = Time spent auto-exploring this place.
 F = Levels seen in this place.
 G = Mean time per level.
                   A        B        C        D        E       F      G
               +--------+--------+--------+--------+--------+-----+--------+
         Total |    146 |    146 |      0 |     49 |     28 |   1 |  146.0 |
       Dungeon |    146 |    146 |      0 |     49 |     28 |   1 |  146.0 |
               +--------+--------+--------+--------+--------+-----+--------+

Top non-repeatable levels by time:
     D:5: 146 daAuts
